Map: Aura mortal EE

Players

roman

  • Race: Terran Terran
  • League: Platinum
  • Spawn Location: 11:00

MrFercho - Winner!

  • Race: Zerg Zerg
  • League: Silver
  • Spawn Location: 5:00

VOD

Have the link to the VOD?

Description

Time

  • Played on: July 5, 2020, 10:18 a.m.
  • Length: 25:24
Show
View Real Time Build Order
Export as new Build Order

roman Terran 

Build Orders:  

Get SALT Encoding   

  12  0:12  Supply Depot  
  12  0:43  Barracks  
  12  0:45  Barracks  
  12  0:50  SCV  
  13  1:01  Supply Depot  
  13  1:05  SCV  
  14  1:17  SCV  
  15  1:29  SCV  
  15  1:32  Marine x2  
  18  1:45  Bunker  
  18  1:50  Bunker  
  18  1:51  Marine x2  
  20  2:08  SCV  
  21  2:09  Marine x2  
  23  2:20  SCV  
  24  2:27  Bunker, Marine  
  25  2:31  Marine  
  26  2:44  Bunker, Marine  
  26  2:48  Marine  
  28  2:55  Supply Depot  
  28  3:01  SCV  
  28  3:02  Marine  
  28  3:03  Bunker  
  30  3:06  Marine  
  31  3:16  SCV  
  31  3:35  Bunker  
  31  3:48  Bunker, Marine x2  
  33  4:05  Barracks, Marine  
  33  4:06  Marine  
  35  4:23  Marine x2  
  37  4:41  Marine x2  
  39  5:00  Supply Depot  
  39  5:08  Marine  
  39  5:09  Marine  
  39  5:22  Marine  
  39  5:26  Marine  
  39  5:55  Refinery  
  39  5:56  Refinery  
  38  6:20  Orbital Command  
  38  6:39  Engineering Bay  
  38  6:42  Engineering Bay  
  38  6:52  Bunker  
  38  6:56  Bunker  
  38  7:00  Marine x2  
  40  7:18  Marine x2, Factory  
  40  7:20  Factory  
  42  7:36  Marine x2  
  44  7:49  Missile Turret  
  44  7:50  Marine  
  45  7:54  Marine x2  
  47  8:06  Factory Tech Lab  
  47  8:07  Factory Tech Lab  
  47  8:11  Missile Turret  
  47  8:15  Missile Turret  
  47  8:22  Missile Turret  
  47  8:29  Missile Turret  
  47  8:43  Missile Turret  
  47  8:47  Missile Turret  
  47  8:56  Missile Turret  
  47  9:01  Missile Turret  
  47  9:07  Missile Turret  
  47  9:27  Marine  
  47  9:28  Siege Tank  
  51  9:35  Bunker  
  51  9:38  Terran Infantry Weapons Level 1  
  51  9:40  Hi-Sec Auto Tracking  
  51  9:45  Marine  
  52  9:58  Missile Turret x2  
  52  10:03  Marine  
  52  10:07  Bunker  
  53  10:21  Marine  
  54  10:39  Siege Tank  
  54  10:41  Supply Depot, SCV  
  58  10:53  SCV  
  57  11:26  Marine x2  
  59  11:44  Marine x2  
  61  12:02  Marine  
  53  13:15  Marine x2  
  51  13:33  Marine x2  
  53  13:51  Marine x2  
  55  14:09  Marine x2  
  57  14:26  Marine x2  
  57  14:39  Command Center  
  57  14:42  Refinery  
  55  14:54  Marine  
  55  14:55  Marine  
  56  15:12  Marine x2  
  52  15:30  Marine x2  
  54  15:48  Marine x2  
  56  15:58  Starport  
  56  16:00  Starport  
  56  16:02  Marine  
  57  16:06  Marine x2  
  59  16:20  Marine  
  60  16:38  Marine  
  59  16:56  Marine  
  55  17:14  Marine  
  56  17:26  Marine x2  
  56  17:44  Marine x2  
  46  17:55  Starport Tech Lab x2  
  43  18:02  Marine x2  
  42  18:20  Marine x2  
  42  18:26  Banshee x2  
  48  18:37  Marine  
  48  18:38  Marine  
  43  19:08  Banshee  
  22  20:02  SCV  
  19  20:14  SCV  
  17  20:26  SCV  
  15  20:38  Orbital Command  
  14  21:24  Bunker  
  14  21:27  Bunker  
  14  21:45  Siege Tank x2  
  20  22:06  SCV  
  21  23:36  Bunker  
  15  24:17  Marine  
  15  24:22  Supply Depot  
  15  24:24  Supply Depot  
  15  24:43  Marine, Siege Tank, SCV  
  20  24:55  SCV  
Show
View Real Time Build Order
Export as new Build Order

MrFercho Zerg - Winner!

Build Orders: Hatch First, Muta Ling Bane 

Get SALT Encoding   

  12  0:01  Drone  
  13  0:20  Overlord  
  13  0:27  Drone  
  14  0:39  Drone x2  
  16  1:03  Hatchery  
  15  1:10  Spawning Pool, Drone  
  15  1:11  Drone  
  15  1:15  Drone  
  17  1:21  Drone  
  18  1:31  Drone  
  19  1:35  Extractor  
  18  1:49  Overlord  
  18  1:57  Zergling x2  
  19  2:05  Drone  
  20  2:17  Zergling x2  
  20  2:18  Zergling x2  
  21  2:34  Spine Crawler  
  20  2:55  Zergling x2  
  20  2:56  Zergling x4  
  23  3:04  Queen  
  25  3:19  Metabolic Boost  
  24  3:34  Zergling x6  
  29  4:12  Lair  
  27  4:25  Spine Crawler  
  27  4:28  Spine Crawler  
  27  4:30  Drone x2  
  27  4:31  Drone  
  28  4:50  Spawning Pool  
  27  5:04  Drone x2  
  29  5:08  Evolution Chamber  
  28  5:17  Overlord x2  
  27  5:42  Baneling Nest, Zerg Ground Armor Level 1  
  26  5:55  Spire  
  26  5:56  Drone x2  
  27  6:45  Extractor  
  26  6:48  Drone  
  26  6:49  Drone x3  
  26  6:52  Overlord  
  30  6:54  Centrifical Hooks  
  30  7:00  Drone  
  31  7:11  Drone  
  32  7:36  Mutalisk  
  34  8:10  Mutalisk  
  36  8:21  Pneumatized Carapace  
  36  8:50  Mutalisk  
  38  9:09  Zerg Melee Weapons Level 1  
  38  9:43  Hydralisk Den  
  32  10:23  Hatchery  
  31  10:38  Muscular Augments  
  31  10:39  Hatchery  
  31  10:41  Hatchery  
  29  10:45  Queen  
  24  12:11  Drone  
  24  12:12  Drone x6  
  31  12:34  Spine Crawler  
  30  12:37  Spine Crawler  
  30  12:40  Spine Crawler  
  28  12:48  Drone x9  
  28  12:51  Queen x2  
  37  12:52  Queen  
  43  13:04  Drone x3  
  46  13:13  Spawning Pool  
  43  13:23  Drone x6  
  49  13:27  Extractor  
  49  13:28  Extractor  
  47  13:36  Drone  
  47  13:37  Drone x2  
  50  13:44  Overlord x3  
  50  14:03  Lair  
  50  14:06  Drone x8  
  50  14:07  Drone x4  
  62  14:26  Extractor  
  62  14:28  Extractor  
  60  14:39  Zergling x18  
  69  15:09  Spire  
  68  15:26  Hydralisk Den  
  66  15:32  Drone  
  66  15:33  Drone x8  
  70  16:00  Drone x6  
  76  16:19  Spine Crawler  
  76  16:23  Spine Crawler  
  76  16:24  Spine Crawler  
  73  16:25  Zerg Flyer Weapons Level 1  
  73  16:26  Spine Crawler  
  73  16:29  Grooved Spines  
  73  16:30  Mutalisk  
  73  16:31  Mutalisk x4  
  82  16:33  Overlord  
  82  16:34  Overlord x5  
  59  17:08  Hydralisk x10  
  51  17:09  Hydralisk x2  
  75  17:30  Lair  
  75  17:36  Hydralisk Den  
  74  17:50  Hatchery  
  71  17:59  Hydralisk x10  
  85  18:21  Zergling x10  
  75  18:40  Infestation Pit  
  72  18:45  Hydralisk  
  72  18:46  Hydralisk x9  
  92  19:08  Evolution Chamber, Drone x3  
  90  19:12  Queen  
  90  19:16  Drone x6  
  79  19:57  Hive  
  67  20:09  Zerg Missile Weapons Level 1  
  59  20:24  Hydralisk x9  
  59  20:25  Hydralisk x8  
  93  20:47  Overlord x2  
  92  20:50  Overseer  
  92  22:00  Drone  
  92  22:01  Drone x11  
  104  22:03  Overlord x7  
  104  22:13  Mutalisk x3  
  110  22:45  Ultralisk Cavern  
  107  23:53  Ultralisk x9  
  161  24:26  Anabolic Synthesis  
  161  24:37  Extractor  
  161  24:38  Extractor, Drone x5  
  160  24:39  Drone x4  
Tags
 
Composition
Muta Ling Bane
Matchup
TvZ
Replay Pack
MrFercho
Spawn Locations
Cross Positions
Add a new tag
Caveats
  • Supply blocks, unpowered buildings, or Contaminate may cause inaccurate times.
  • Supply counts are checked every 10 seconds.